 Dungeon Crawl Stone Soup version 0.31.0-2-g5a2aebc5c2 (webtiles) character file.

Game seed: 12103638979982782452

2816 SnakkuSnakku7 the Cleaver (level 10, -3/70 HPs)
             Began as a Formicid Cinder Acolyte on Jan 20, 2024.
             Was a Priest of Ignis.
             Slain by a yak (11 damage)
             ... on level 7 of the Dungeon.
             The game lasted 00:07:24 (6290 turns).

SnakkuSnakku7 the Cleaver (Formicid Cinder Acolyte) Turns: 6290, Time: 00:07:25

Health: -3/70      AC: 18    Str: 24    XL:     10   Next: 2%
Magic:  11/11      EV:  9    Int: 13    God:    Ignis [***...]
Gold:   403        SH: 10    Dex:  9    Spells: 11/11 levels left

rFire   + . .        a - +0 battleaxe
rCold   . . .        h - +0 kite shield
rNeg    . . .        d - +3 scale mail
rPois   .            (helmet unavailable)
rElec   .            (no cloak)
rCorr   .            g - +0 pair of gloves
SInv    +            z - +0 pair of boots
Will    +....        (no amulet) Stlth
                     (no ring)
HPRegen 0.31/turn    (no ring)
MPRegen 0.12/turn

%: no passive effects
@: fiery-armoured
A: permanent stasis, dig shafts and tunnels, antennae 3, four strong arms
a: Dig, Shaft Self, Renounce Religion, Fiery Armour, Foxfire Swarm, Rising Flame


You were on level 7 of the Dungeon.
You worshipped Ignis.
Ignis was most pleased with you.
You visited 1 branch of the dungeon, and saw 7 of its levels.

You collected 403 gold pieces.

Inventory:

Hand Weapons
 a - a +0 battleaxe (weapon)
 o - a -1 hand axe of flaming
Armour
 b - a +0 robe
 d - a +3 scale mail (worn)
 g - a +0 pair of gloves (worn)
 h - a +0 kite shield (worn)
 z - a +0 pair of boots (worn)
Wands
 f - a wand of quicksilver (1)
 m - a wand of polymorph (8)
 t - a wand of mindburst (13)
 v - a wand of flame (1)
Scrolls
 c - 5 scrolls of teleportation {unknown}
 e - 5 scrolls of identify {unknown}
 j - a scroll of butterflies {unknown}
 n - 2 scrolls of noise {unknown}
 u - a scroll of amnesia {unknown}
 x - a scroll of fear {unknown}
 y - a scroll of fog {unknown}
Potions
 i - a potion of curing
 k - a potion of attraction
 l - a potion of magic {unknown}
 q - a potion of heal wounds {unknown}
 r - a potion of invisibility {unknown}
 s - a potion of cancellation
 w - a potion of lignification {unknown}
Miscellaneous
 p - a condenser vane


   Skills:
 - Level 3.2 Fighting
 + Level 11.0 Axes
 - Level 10.0 Shields
 - Level 1.1 Spellcasting
 - Level 3.0 Fire Magic


You had 11 spell levels left.
You didn't know any spells.
Your spell library contained the following spells:

 Spells                   Type           Power      Damage    Failure   Level
 Scorch                   Fire           16%        2d5       50%         2
 Foxfire                  Conj/Fire      16%        2x1d4     56%         1
 Apportation              Tloc           0%         N/A       77%         1
 Freeze                   Ice            0%         1d3       77%         1
 Necrotise                Necr           0%         1d4       77%         1
 Sting                    Conj/Alch      0%         1d3       77%         1
 Summon Small Mammal      Summ           0%         N/A       77%         1
 Frozen Ramparts          Ice            0%         1d1       98%         3
 Hailstorm                Conj/Ice       0%         3d5       98%         3
 Animate Dead             Necr           0%         N/A       100%        4
 Borgnjor's Vile Clutch   Necr/Erth      0%         N/A       100%        5
 Death Channel            Necr           0%         N/A       100%        6
 Plasma Beam              Fire/Air       2%         2x1d12    100%        6
 Sculpt Simulacrum        Ice/Alch       0%         N/A       100%        6
 Ozocubu's Refrigeration  Ice            0%         4d7       100%        7


Dungeon Overview and Level Annotations

Branches:
Dungeon (7/15)             Temple (0/1) D:7

Altars:
Ashenzari
Fedhas
Hepliaklqana
Makhleb
Qazlal
Sif Muna
Trog
Vehumet

Annotations:
D:4 2 runed translucent doors
D:7 2 transporters, tdog's ghost, novice SpBr


Innate Abilities, Weirdness & Mutations

You cannot be hasted, slowed, berserked, paralysed or teleported.
You can dig through walls and to a lower floor.
You have a pair of large antennae on your head. (SInv)
Your four strong arms can wield two-handed weapons with a shield.


Message History

The yak is lightly wounded.
The foxfire hits the yak.
The yak is lightly wounded.
The foxfire hits the yak but does no damage.
The yak is lightly wounded.
The foxfire hits the yak.
The yak is lightly wounded.
The foxfire hits the yak.
The yak is moderately wounded.
The foxfire hits the yak.
The yak is lightly wounded.
The foxfire hits the yak but does no damage.
The yak is moderately wounded.
The foxfire hits the yak but does no damage.
The yak is lightly wounded.
The foxfire hits the yak.
The yak is moderately wounded.
The foxfire hits the yak.
The yak is moderately wounded.
The yak attacks as it pursues you! The yak gores you but does no damage.
Unknown command.
It was a potion of curing.
You feel better. The yak gores you!
* * * LOW HITPOINT WARNING * * *
It was a potion of attraction.
You feel attractive to monsters. The yak gores you.
* * * LOW HITPOINT WARNING * * *
You block the yak's attack.
It was a potion of cancellation.
Your magical effects are unravelling.
You feel magically purged. The yak gores you.
* * * LOW HITPOINT WARNING * * *
You block the yak's attack. The yak gores you but does no damage.
You feel less attractive to monsters.
You feel better. You block the yak's attack.
The yak gores you but does no damage. The yak gores you!
* * * LOW HITPOINT WARNING * * *
A protective cloak of flame settles atop you.
The yak gores you!
You die...

## # ### ## #
#..#.##.##.# #
#..........#.......# #
#......Y...#.......# #
#.....Y....#.......#
##...####'##.......######
######...#........#...#.
#....'YYY#........#.....
#...v#.@.#........#.....
#....#...#........'.....
#..####'##..<)....######
#..#........))..........
#.. #....................
#. #....................
#. #....................
#....................
#....................


You could see 3 yaks.

Vanquished Creatures
  Grinder (D:5)
  A yak (D:7)
  A wyvern (D:7)
  Eustachio (D:5)
  Menkaure (D:5)
  Edmund (D:4)
  A water moccasin (D:4)
  An orc warrior (D:4)
  Duvessa (D:4)
  2 ogres
  A centaur (D:6)
  2 phantoms
  A kobold brigand (D:6)
  A bullfrog (D:6)
  A scorpion (D:5)
  6 wights
  Dowan (D:4)
  A howler monkey (D:6)
  A crimson imp (D:5)
  A bombardier beetle (D:6)
  2 hounds
  A jelly (D:7)
  2 orc priests (D:4)
  Jessica (D:2)
  3 iguanas (D:5)
  Terence (D:3)
  A sleepcap (D:5)
  4 orc wizards (D:7)
  Robin (D:4)
  5 adders
  2 shadow imps (D:6)
  2 white imps
  2 ufetubi (D:6)
  A dart slug (D:4)
  10 orcs
  7 ball pythons
  6 endoplasms
  7 giant cockroaches
  14 goblins
  7 hobgoblins
  11 jackals
  14 kobolds
  3 quokkas
  4 bats
  4 frilled lizards
  2 rats (D:3)
144 creatures vanquished.

Vanquished Creatures (others)
  28 foxfires
28 creatures vanquished.

Grand Total: 172 creatures vanquished

Notes
Turn   | Place    | Note
-------+----------+-------------------------------------------
     0 | D:1      | SnakkuSnakku7 the Formicid Cinder Acolyte began the quest
                  | for the Orb.
     0 | D:1      | Reached XP level 1. HP: 18/18 MP: 2/2
    15 | D:1      | Got Sif Muna's Precepts of the Chilly Salamander
   258 | D:1      | Reached XP level 2. HP: 24/24 MP: 3/3
   518 | D:1      | Found a faded altar of an unknown god.
   937 | D:2      | Noticed Jessica
   997 | D:1      | Reached skill level 4 in Axes
   997 | D:1      | Reached XP level 3. HP: 25/29 MP: 4/4
  1029 | D:2      | Killed Jessica
  1030 | D:2      | Reached XP level 4. HP: 16/35 MP: 5/5
  1438 | D:2      | Reached skill level 5 in Axes
  1836 | D:3      | Reached XP level 5. HP: 41/41 MP: 6/6
  1850 | D:3      | Reached skill level 1 in Shields
  2111 | D:3      | Noticed Terence
  2122 | D:3      | Killed Terence
  2430 | D:4      | Noticed Edmund
  2442 | D:4      | Killed Edmund
  2443 | D:4      | Reached skill level 6 in Axes
  2443 | D:4      | Reached XP level 6. HP: 45/47 MP: 7/7
  2448 | D:4      | Noticed Robin
  2475 | D:4      | Killed Robin
  2489 | D:4      | Found a hazy altar of Hepliaklqana.
  2501 | D:4      | Noticed Dowan
  2501 | D:4      | Noticed an ogre
  2502 | D:4      | Noticed Duvessa
  2522 | D:4      | Killed an ogre
  2523 | D:4      | Reached XP level 7. HP: 26/52 MP: 8/8
  2530 | D:4      | Killed Duvessa
  2531 | D:4      | Reached skill level 5 in Shields
  2790 | D:4      | Found a broken altar of Ashenzari.
  2856 | D:4      | Killed Dowan
  2866 | D:4      | Found a large runed translucent door.
  2866 | D:4      | Found a large runed translucent door.
  2870 | D:4      | Noticed a water moccasin
  2890 | D:4      | Found a blossoming altar of Fedhas.
  2900 | D:4      | Found a large runed translucent door.
  2900 | D:4      | Found a large runed translucent door.
  3203 | D:4      | Found a stormy altar of Qazlal.
  3486 | D:4      | Killed a water moccasin
  3487 | D:4      | Reached skill level 7 in Axes
  3488 | D:4      | Reached XP level 8. HP: 47/58 MP: 9/9
  3548 | D:5      | Entered Level 5 of the Dungeon
  3673 | D:5      | Noticed Menkaure
  3828 | D:5      | Killed Menkaure
  4007 | D:5      | Noticed Grinder
  4025 | D:5      | Killed Grinder
  4026 | D:5      | Reached skill level 8 in Axes
  4250 | D:5      | Noticed Eustachio
  4271 | D:5      | Killed Eustachio
  4272 | D:5      | Reached XP level 9. HP: 51/64 MP: 10/10
  4367 | D:5      | Found a radiant altar of Vehumet.
  4368 | D:5      | Found a burning altar of Makhleb.
  4374 | D:5      | Reached skill level 9 in Axes
  4916 | D:6      | Reached skill level 10 in Shields
  5062 | D:6      | Reached skill level 10 in Axes
  5355 | D:6      | Found a bloodstained altar of Trog.
  5746 | D:7      | Found a staircase to the Ecumenical Temple.
  5806 | D:7      | Found a shimmering blue altar of Sif Muna.
  5882 | D:7      | Found a transporter.
  5882 | D:7      | Found a transporter.
  5883 | D:7      | Noticed a two-headed ogre
  5886 | D:7      | Noticed tdog's ghost (novice SpBr)
  5890 | D:7      | Noticed a two-headed ogre
  5917 | D:7      | Found the +9 staff of Olgreb {rPois∞}
  6284 | D:7      | Reached skill level 11 in Axes
  6284 | D:7      | Reached XP level 10. HP: 12/70 MP: 11/11
  6290 | D:7      | Slain by a yak

Illustrated notes

Levels and vault maps discovered:
D:1:      dpeg_arrival_water_fire, layout_basic,
          shapermc_ecumenical_altar_ellora
D:2:      layout_loops_ring, patterned_corridor, uniq_jessica
D:3:      layout_rooms, serial_rivers, chequers_serial_rivers_micro_e,
          chequers_serial_rivers_micro_a, chequers_serial_rivers_small_b,
          chequers_serial_rivers_micro_c, chequers_serial_rivers_micro_a,
          chequers_serial_rivers_small_b, roderic_serpentine_path, uniq_terence
D:4:      layout_rooms, lemuel_tele_altar, nicolae_overflow_hidden_temple,
          mainiacjoe_overflow_swirl, serial_rivers,
          chequers_serial_rivers_micro_e, chequers_serial_rivers_large_b,
          chequers_serial_rivers_small_3, chequers_serial_rivers_room_a,
          chequers_serial_rivers_small_b, minmay_hollow_rounded_squares,
          uniq_edmund, uniq_robin, uniq_duvessa
D:5:      layout_basic, grunt_temple_overflow_lords_of_destruction,
          uniq_eustachio, uniq_grinder, uniq_menkaure
D:6:      layout_basic, mainiacjoe_overflow_six_doors_small
D:7:      layout_gridville, led_sif_book, minmay_temple_entry_wispy,
          nzn_ghost_randoct

Skill      XL: |  1  2  3  4  5  6  7  8  9 |
---------------+----------------------------+-----
Axes           | 4 5 6 7 8 11 | 11.0
Shields        | 3 4 6 9 10 | 10.0
Fighting       | |  3.2
Spellcasting   | |  1.1
Fire Magic     | |  3.0

Action                     |  1- 3 |  4- 6 |  7- 9 | 10-12 || total
---------------------------+-------+-------+-------+-------++-------
  Melee: Hand axe          |    54 |   177 |    67 |       ||   298
         Battleaxe         |       |       |   193 |       ||   193
 Invoke: Foxfire Swarm     |       |     1 |     1 |     1 ||     3
         Fiery Armour      |       |       |       |     1 ||     1
Ability: Dig               |       |     2 |     1 |       ||     3
  Evoke: Wand              |       |     2 |     4 |       ||     6
    Use: Potion            |       |       |       |     4 ||     4
 Armour: Robe              |    15 |       |       |       ||    15
         Scale mail        |    24 |   123 |   203 |     8 ||   358
  Dodge: Dodged            |    42 |    61 |   115 |     1 ||   219
  Block: Kite shield       |       |    50 |   166 |     3 ||   219
